| TOP OF THE 1ST |
|
Grand Junction Rockies batting - Pitching for Danville Braves : RHP Jose Clemente
|
|
Pitching: RHP Jose Clemente
|
|
|
Batting: RHB Ivan Castaneda
|
0-0: Foul Ball, location: 2F 0-1: Swinging Strike 0-2: Foul Ball, location: 2F 0-2: SOLO HOME RUN (Line Drive, 78XD, EV 97.5 MPH), Distance : 382 ft
|
|
Batting: SHB Rich McDonald
|
0-0: Ball 1-0: Foul Ball, location: 2F 1-1: Ball 2-1: Fly out, F8 (Flyball, 8LD, EV 90.0 MPH)
|
|
Batting: RHB Wali Mulogo
|
0-0: Foul Ball, location: 2F 0-1: Ball 1-1: Ball 2-1: Ball 3-1: Called Strike 3-2: Base on Balls
|
|
Batting: RHB Justin Garrett
|
0-0: Grounds into double play, 5-4-3 (Groundball, 5, EV 108.8 MPH)
|
| Top of the 1st over - 1 run, 1 hit, 0 errors, 0 left on base; Grand Junction 1 - Danville 0 |
| BOTTOM OF THE 1ST |
|
Danville Braves batting - Pitching for Grand Junction Rockies : RHP Jerry Dunne
|
|
Pitching: RHP Jerry Dunne
|
|
|
Batting: RHB Danny Dimas
|
0-0: Ball 1-0: Ball 2-0: Ball 3-0: Base on Balls
|
|
Batting: LHB Mitsujiro Tanaka
|
0-0: Called Strike 0-1: Ball 1-1: Ball 2-1: Fielders Choice at 2nd, 3-6 (Groundball, 3, EV 105.0 MPH)
|
|
Batting: RHB Richard Saquic
|
0-0: Ball Mitsujiro Tanaka steals 2nd base 1-0: Ground out U3 (Groundball, 34S, EV 83.8 MPH) Mitsujiro Tanaka to third
|
|
Batting: RHB Carlos Livas
|
0-0: Called Strike 0-1: Ball Wild Pitch! Mitsujiro Tanaka scores 1-1: Swinging Strike 1-2: Foul Ball, location: 2F 1-2: Foul Ball, location: 2F 1-2: Hit by Pitch
|
|
Batting: RHB Rodolfo Cosme
|
0-0: Called Strike Carlos Livas steals 2nd base 0-1: Called Strike 0-2: Ball 1-2: Ball Passed Ball! Carlos Livas to third 2-2: Foul Ball, location: 2F 2-2: Foul Ball, location: 2F 2-2: Ground out 6-3 (Groundball, 56D, EV 87.5 MPH)
|
| Bottom of the 1st over - 1 run, 0 hits, 0 errors, 1 left on base; Grand Junction 1 - Danville 1 |
| TOP OF THE 2ND |
|
Grand Junction Rockies batting - Pitching for Danville Braves : RHP Jose Clemente
|
|
Batting: LHB Georges Lambert
|
0-0: Called Strike 0-1: Fly out, F8 (Flyball, 78XD, EV 89.4 MPH)
|
|
Batting: RHB Josh Lofgreen
|
0-0: Called Strike 0-1: Called Strike 0-2: Foul Ball, location: 2F 0-2: Ball 1-2: Hit by Pitch
|
|
Batting: RHB Carlos Manriquez
|
0-0: Ball 1-0: Ball 2-0: Called Strike 2-1: SINGLE (Groundball, 6MD, EV 96.9 MPH) Josh Lofgreen to second
|
|
Batting: RHB Joe Shade
|
0-0: Ball 1-0: Called Strike 1-1: Fly out, F6 (Popup, 6MD, EV 72.5 MPH)
|
|
Batting: RHB Edwin Bejarano
|
0-0: Foul Ball, location: 2F 0-1: Swinging Strike 0-2: Ball 1-2: Ball 2-2: Foul Ball, location: 2F 2-2: Foul Ball, location: 2F 2-2: Strikes out swinging
|
| Top of the 2nd over - 0 runs, 1 hit, 0 errors, 2 left on base; Grand Junction 1 - Danville 1 |
| BOTTOM OF THE 2ND |
|
Danville Braves batting - Pitching for Grand Junction Rockies : RHP Jerry Dunne
|
|
Batting: LHB Ivan Castillo
|
0-0: SOLO HOME RUN (Flyball, 9D, EV 96.2 MPH), Distance : 360 ft
|
|
Batting: LHB Diego Garcia
|
0-0: Ball 1-0: Ball 2-0: Ball 3-0: Base on Balls
|
|
Batting: RHB Vicente Guillen
|
0-0: Ball Passed Ball! Diego Garcia to second 1-0: Ball 2-0: Ground out 5-3 (Groundball, 56S, EV 79.4 MPH)
|
|
Batting: RHB Aaron Sartini
|
0-0: Called Strike 0-1: Ground out 5-3 (Groundball, 56S, EV 81.2 MPH)
|
|
Batting: RHB Danny Dimas
|
0-0: Called Strike 0-1: Ball 1-1: Ball Passed Ball! Diego Garcia to third 2-1: Fly out, F9 (Flyball, 9, EV 88.8 MPH)
|
| Bottom of the 2nd over - 1 run, 1 hit, 0 errors, 1 left on base; Grand Junction 1 - Danville 2 |
| TOP OF THE 3RD |
|
Grand Junction Rockies batting - Pitching for Danville Braves : RHP Jose Clemente
|
|
Batting: RHB Ivan Castaneda
|
0-0: Ball 1-0: Swinging Strike 1-1: Called Strike 1-2: Strikes out swinging
|
|
Batting: SHB Rich McDonald
|
0-0: Foul Ball, location: 2F 0-1: Swinging Strike 0-2: Foul Ball, location: 2F 0-2: Ball 1-2: Foul Ball, location: 2F 1-2: Strikes out swinging
|
|
Batting: RHB Wali Mulogo
|
0-0: Swinging Strike 0-1: Fly out, F9 (Flyball, 9LMF, EV 101.9 MPH)
|
| Top of the 3rd over - 0 runs, 0 hits, 0 errors, 0 left on base; Grand Junction 1 - Danville 2 |
| BOTTOM OF THE 3RD |
|
Danville Braves batting - Pitching for Grand Junction Rockies : RHP Jerry Dunne
|
|
Batting: LHB Mitsujiro Tanaka
|
0-0: Foul Ball, location: 2F 0-1: Foul Ball, location: 2F 0-2: Ball 1-2: Ball 2-2: Ball 3-2: Ground out 4-3 (Groundball, 4M, EV 83.1 MPH)
|
|
Batting: RHB Richard Saquic
|
0-0: SOLO HOME RUN (Flyball, 9D, EV 91.9 MPH), Distance : 359 ft
|
|
Batting: RHB Carlos Livas
|
0-0: Ball 1-0: Foul Ball, location: 2F 1-1: Ball 2-1: Ball 3-1: Foul Ball, location: 2F 3-2: Base on Balls
|
|
Batting: RHB Rodolfo Cosme
|
0-0: Ball Carlos Livas steals 2nd base 1-0: Swinging Strike 1-1: Swinging Strike 1-2: Ball Passed Ball! Carlos Livas to third 2-2: 2-RUN HOME RUN (Flyball, 78XD, EV 98.8 MPH), Distance : 405 ft
|
|
Batting: LHB Ivan Castillo
|
0-0: Ball 1-0: Ball 2-0: Ball 3-0: Called Strike 3-1: Reached on error, E5 (Groundball, 56, EV 106.9 MPH)
|
|
Batting: LHB Diego Garcia
|
0-0: Ball Wild Pitch! Ivan Castillo to third 1-0: Called Strike 1-1: SINGLE (Groundball, 34D, EV 95.6 MPH) Ivan Castillo scores
|
|
Pitching: RHP J.D. Newman
|
|
|
Batting: RHB Vicente Guillen
|
0-0: Ball 1-0: Ball 2-0: Called Strike 2-1: Ball Wild Pitch! Diego Garcia to second 3-1: Foul Ball, location: 2F 3-2: Foul Ball, location: 2F 3-2: Base on Balls
|
|
Batting: RHB Aaron Sartini
|
0-0: Foul Ball, location: 2F 0-1: Ball Passed Ball! Diego Garcia to third Vicente Guillen to second 1-1: DOUBLE (Flyball, 7LM, EV 97.5 MPH) Diego Garcia scores Vicente Guillen scores
|
|
Batting: RHB Danny Dimas
|
0-0: Swinging Strike 0-1: Ground out 6-3 (Groundball, 6, EV 101.2 MPH)
|
|
Batting: LHB Mitsujiro Tanaka
|
0-0: SINGLE (Groundball, 4MS, EV 70.0 MPH) (infield hit) Aaron Sartini to third
|
|
Batting: RHB Richard Saquic
|
0-0: Ball 1-0: Foul Ball, location: 2F 1-1: Swinging Strike 1-2: Ball 2-2: Ball 3-2: Base on Balls Mitsujiro Tanaka to second
|
|
Batting: RHB Carlos Livas
|
0-0: Ball Passed Ball! Aaron Sartini scores Mitsujiro Tanaka to third Richard Saquic to second 1-0: Ball 2-0: Foul Ball, location: 2F 2-1: SINGLE (Groundball, 56D, EV 95.0 MPH) Mitsujiro Tanaka scores Richard Saquic to third Runner from 3rd tries for Home, throw by LF and OUT! 7-2
|
| Bottom of the 3rd over - 8 runs, 6 hits, 1 error, 1 left on base; Grand Junction 1 - Danville 10 |
| TOP OF THE 4TH |
|
Grand Junction Rockies batting - Pitching for Danville Braves : RHP Jose Clemente
|
|
Batting: RHB Justin Garrett
|
0-0: Ball 1-0: Ground out 6-3 (Groundball, 6, EV 104.4 MPH)
|
|
Batting: LHB Georges Lambert
|
0-0: Ball 1-0: Foul Ball, location: 2F 1-1: Ground out 6-3 (Groundball, 6M, EV 76.9 MPH)
|
|
Batting: RHB Josh Lofgreen
|
0-0: Ball 1-0: Foul Ball, location: 2F 1-1: Swinging Strike 1-2: Strikes out looking
|
| Top of the 4th over - 0 runs, 0 hits, 0 errors, 0 left on base; Grand Junction 1 - Danville 10 |
| BOTTOM OF THE 4TH |
|
Danville Braves batting - Pitching for Grand Junction Rockies : RHP J.D. Newman
|
|
Batting: RHB Rodolfo Cosme
|
0-0: Called Strike 0-1: Ball 1-1: Ball 2-1: SINGLE (Groundball, 6MD, EV 97.5 MPH)
|
|
Batting: LHB Ivan Castillo
|
0-0: Ball 1-0: Ball 2-0: Ball 3-0: Called Strike 3-1: Base on Balls Rodolfo Cosme to second
|
|
Batting: LHB Diego Garcia
|
0-0: Ball Passed Ball! Rodolfo Cosme to third Ivan Castillo to second 1-0: SINGLE (Flyball, 9S, EV 98.1 MPH) Rodolfo Cosme scores Ivan Castillo to third
|
|
Pitching: RHP Xavier Williams
|
|
|
Batting: RHB Vicente Guillen
|
0-0: Ball 1-0: Called Strike 1-1: Ball 2-1: Foul Ball, location: 2F 2-2: Fielders Choice at 2nd, 6-4 (Groundball, 6, EV 80.0 MPH) Ivan Castillo scores
|
|
Batting: RHB Aaron Sartini
|
0-0: Fielders Choice at 2nd, 3-6 (Groundball, 34, EV 90.6 MPH)
|
|
Batting: RHB Danny Dimas
|
0-0: Ball Passed Ball! Aaron Sartini to second 1-0: Ball Passed Ball! Aaron Sartini to third 2-0: Called Strike 2-1: Ground out 6-3 (Groundball, 6, EV 103.1 MPH)
|
| Bottom of the 4th over - 2 runs, 2 hits, 0 errors, 1 left on base; Grand Junction 1 - Danville 12 |
| TOP OF THE 5TH |
|
Grand Junction Rockies batting - Pitching for Danville Braves : RHP Jose Clemente
|
|
Batting: RHB Carlos Manriquez
|
0-0: Ball 1-0: Called Strike 1-1: Ground out 6-3 (Groundball, 6, EV 94.4 MPH)
|
|
Batting: RHB Joe Shade
|
0-0: Ground out 1-3 (Groundball, 34S, EV 74.4 MPH)
|
|
Batting: RHB Edwin Bejarano
|
0-0: DOUBLE (Line Drive, 78M, EV 91.9 MPH)
|
|
Batting: RHB Ivan Castaneda
|
0-0: Called Strike 0-1: Ball 1-1: Swinging Strike 1-2: Ball 2-2: Ball 3-2: Foul Ball, location: 2F 3-2: Foul Ball, location: 2F 3-2: Strikes out looking
|
| Top of the 5th over - 0 runs, 1 hit, 0 errors, 1 left on base; Grand Junction 1 - Danville 12 |
| BOTTOM OF THE 5TH |
|
Danville Braves batting - Pitching for Grand Junction Rockies : RHP Xavier Williams
|
|
Batting: LHB Mitsujiro Tanaka
|
0-0: Ball 1-0: Called Strike 1-1: Ball 2-1: Ball 3-1: Base on Balls
|
|
Batting: RHB Richard Saquic
|
0-0: Called Strike 0-1: Ball 1-1: Ball 2-1: Ball Passed Ball! Mitsujiro Tanaka to second 3-1: Foul Ball, location: 2F 3-2: Base on Balls
|
|
Pitching: RHP Tom Gentry
|
|
|
Batting: RHB Carlos Livas
|
0-0: Called Strike 0-1: Foul Ball, location: 2F 0-2: Ball Wild Pitch! Mitsujiro Tanaka to third Richard Saquic to second 1-2: Foul Ball, location: 2F 1-2: Fly out, F7 (Flyball, 78D, EV 76.2 MPH) Runner from 3rd tags up, SCORES, throw by LF
|
|
Batting: RHB Rodolfo Cosme
|
0-0: Foul Ball, location: 2F 0-1: Swinging Strike Passed Ball! Richard Saquic to third 0-2: Ball 1-2: Foul Ball, location: 2F 1-2: Ball Passed Ball! Richard Saquic scores 2-2: Fly out, F7 (Flyball, 7LM, EV 85.0 MPH)
|
|
Batting: LHB Ivan Castillo
|
0-0: Ball 1-0: Swinging Strike 1-1: Ball 2-1: Swinging Strike 2-2: Foul Ball, location: 2F 2-2: Ball 3-2: Foul Ball, location: 2F 3-2: Base on Balls
|
|
Pitching: RHP Mike Chiquete
|
|
|
Batting: LHB Diego Garcia
|
0-0: Called Strike Balk! Ivan Castillo to second 0-1: Ground out 5-3 (Groundball, 56S, EV 92.5 MPH)
|
| Bottom of the 5th over - 2 runs, 0 hits, 0 errors, 1 left on base; Grand Junction 1 - Danville 14 |
| TOP OF THE 6TH |
|
Grand Junction Rockies batting - Pitching for Danville Braves : RHP Jose Clemente
|
|
Batting: SHB Rich McDonald
|
0-0: Foul Ball, location: 2F 0-1: Ball 1-1: Called Strike 1-2: Foul Ball, location: 2F 1-2: Foul Ball, location: 2F 1-2: Foul Ball, location: 2F 1-2: Foul Ball, location: 2F 1-2: Ball 2-2: Foul Ball, location: 2F 2-2: Ball 3-2: Ground out U3 (Groundball, 3, EV 89.4 MPH)
|
|
Batting: RHB Wali Mulogo
|
0-0: Ball 1-0: Fly out, F4 (Popup, 34S, EV 82.5 MPH)
|
|
Batting: RHB Justin Garrett
|
0-0: Foul Ball, location: 2F 0-1: Called Strike 0-2: Foul Ball, location: 2F 0-2: Ball 1-2: Strikes out swinging
|
| Top of the 6th over - 0 runs, 0 hits, 0 errors, 0 left on base; Grand Junction 1 - Danville 14 |
| BOTTOM OF THE 6TH |
|
Danville Braves batting - Pitching for Grand Junction Rockies : RHP Mike Chiquete
|
|
Batting: RHB Vicente Guillen
|
0-0: SINGLE (Line Drive, 56D, EV 102.5 MPH)
|
|
Batting: RHB Aaron Sartini
|
0-0: Called Strike 0-1: Ball 1-1: Swinging Strike 1-2: Foul Ball, location: 2F 1-2: Strikes out swinging
|
|
Batting: RHB Danny Dimas
|
0-0: SINGLE (Groundball, 6D, EV 109.4 MPH) Vicente Guillen to second
|
|
Batting: LHB Mitsujiro Tanaka
|
0-0: Foul Ball, location: 2F 0-1: Ball 1-1: Called Strike 1-2: Ball Passed Ball! Vicente Guillen to third Danny Dimas to second 2-2: SINGLE (Line Drive, 4MD, EV 113.8 MPH) Vicente Guillen scores Danny Dimas to third Runner from 3rd tries for Home, throw by CF and OUT! 8-2
|
|
Batting: RHB Richard Saquic
|
0-0: Hit by Pitch Mitsujiro Tanaka to second
|
|
Batting: RHB Carlos Livas
|
0-0: SINGLE (Line Drive, 89M, EV 85.6 MPH) Mitsujiro Tanaka to third Richard Saquic to second Throwing error, E8 Mitsujiro Tanaka scores Richard Saquic to third Carlos Livas to second
|
|
Batting: RHB Rodolfo Cosme
|
0-0: Ball Passed Ball! Richard Saquic scores Carlos Livas to third 1-0: Called Strike 1-1: Ball 2-1: Ball 3-1: Called Strike 3-2: Base on Balls
|
|
Pitching: LHP Mike Pierce
|
|
|
Batting: LHB Ivan Castillo
|
0-0: Ball 1-0: Fly out, F7 (Flyball, 7LSF, EV 78.1 MPH)
|
| Bottom of the 6th over - 3 runs, 4 hits, 1 error, 2 left on base; Grand Junction 1 - Danville 17 |
| TOP OF THE 7TH |
|
Grand Junction Rockies batting - Pitching for Danville Braves : RHP Jose Clemente
|
|
Batting: LHB Georges Lambert
|
0-0: Ball 1-0: Called Strike 1-1: Ball 2-1: Foul Ball, location: 2F 2-2: Strikes out swinging
|
|
Batting: RHB Josh Lofgreen
|
0-0: Ball 1-0: Ball 2-0: Ball 3-0: Called Strike 3-1: Base on Balls
|
|
Batting: RHB Carlos Manriquez
|
0-0: Called Strike 0-1: Foul Ball, location: 2F 0-2: Ball 1-2: Foul Ball, location: 2F 1-2: Ball 2-2: 2-RUN HOME RUN (Line Drive, 78XD, EV 109.4 MPH), Distance : 432 ft
|
|
Pitching: RHP Jeremy Mash
|
|
|
Batting: RHB Joe Shade
|
0-0: Foul Ball, location: 2F 0-1: Ball 1-1: Fly out, F4 (Popup, 34S, EV 69.4 MPH)
|
|
Batting: RHB Edwin Bejarano
|
0-0: Ball 1-0: SINGLE (Groundball, 6M, EV 108.8 MPH) (infield hit)
|
|
Batting: RHB Ivan Castaneda
|
0-0: Foul Ball, location: 2F 0-1: Foul Ball, location: 2F 0-2: Ball 1-2: Foul Ball, location: 2F 1-2: Fly out, F7 (Flyball, 78D, EV 91.2 MPH)
|
| Top of the 7th over - 2 runs, 2 hits, 0 errors, 1 left on base; Grand Junction 3 - Danville 17 |
| BOTTOM OF THE 7TH |
|
Danville Braves batting - Pitching for Grand Junction Rockies : LHP Mike Pierce
|
|
Batting: LHB Diego Garcia
|
0-0: Ball 1-0: Fly out, F7 (Flyball, 78M, EV 88.8 MPH)
|
|
Batting: RHB Vicente Guillen
|
0-0: Foul Ball, location: 2F 0-1: Called Strike 0-2: Ball 1-2: SOLO HOME RUN (Flyball, 78XD, EV 96.2 MPH), Distance : 380 ft
|
|
Pinch Hitting: RHB James Anderson
|
0-0: Ball 1-0: Called Strike 1-1: Swinging Strike 1-2: Fly out, F8 (Flyball, 8RM, EV 75.6 MPH)
|
|
Pinch Hitting: RHB Mennad Maalik
|
0-0: Called Strike 0-1: SINGLE (Flyball, 8LS, EV 94.4 MPH)
|
|
Batting: LHB Mitsujiro Tanaka
|
0-0: Ball Wild Pitch! Mennad Maalik to second 1-0: Ball Wild Pitch! Mennad Maalik to third 2-0: Called Strike 2-1: Ball Passed Ball! Mennad Maalik scores 3-1: Base on Balls
|
|
Batting: RHB Richard Saquic
|
0-0: Called Strike 0-1: Foul Ball, location: 2F 0-2: Hit by Pitch Mitsujiro Tanaka to second
|
|
Batting: RHB Carlos Livas
|
0-0: Foul Ball, location: 2F 0-1: Swinging Strike 0-2: Ground out 1-3 (Groundball, 13S, EV 68.8 MPH)
|
| Bottom of the 7th over - 2 runs, 2 hits, 0 errors, 2 left on base; Grand Junction 3 - Danville 19 |
| TOP OF THE 8TH |
|
Grand Junction Rockies batting - Pitching for Danville Braves : RHP Jeremy Mash
|
|
Now in CF: James Anderson
|
|
|
Now in RF: Mennad Maalik
|
|
|
Batting: SHB Rich McDonald
|
0-0: Called Strike 0-1: Ball 1-1: Ball 2-1: Foul Ball, location: 2F 2-2: Ball 3-2: Base on Balls
|
|
Batting: RHB Wali Mulogo
|
0-0: Called Strike 0-1: Foul Ball, location: 2F 0-2: Ball 1-2: Fielders Choice at 2nd, 6-4 (Groundball, 6, EV 91.2 MPH)
|
|
Batting: RHB Justin Garrett
|
0-0: Ball 1-0: Swinging Strike 1-1: Ball 2-1: Foul Ball, location: 2F 2-2: Ball 3-2: Base on Balls Wali Mulogo to second
|
|
Batting: LHB Georges Lambert
|
0-0: Called Strike 0-1: Grounds into double play, 5-4-3 (Groundball, 56, EV 102.5 MPH)
|
| Top of the 8th over - 0 runs, 0 hits, 0 errors, 1 left on base; Grand Junction 3 - Danville 19 |
| BOTTOM OF THE 8TH |
|
Danville Braves batting - Pitching for Grand Junction Rockies : LHP Mike Pierce
|
|
Batting: RHB Rodolfo Cosme
|
0-0: Ball 1-0: Ball 2-0: Ball 3-0: Base on Balls
|
|
Batting: LHB Ivan Castillo
|
0-0: Called Strike 0-1: Swinging Strike 0-2: Ball 1-2: Hit by Pitch Rodolfo Cosme to second
|
|
Batting: LHB Diego Garcia
|
0-0: Ball 1-0: Ball 2-0: Called Strike 2-1: Ball Wild Pitch! Rodolfo Cosme to third Ivan Castillo to second 3-1: Base on Balls
|
|
Batting: RHB Vicente Guillen
|
0-0: Called Strike 0-1: Swinging Strike 0-2: Strikes out swinging
|
|
Batting: RHB James Anderson
|
0-0: Ball Passed Ball! Rodolfo Cosme scores Ivan Castillo to third Diego Garcia to second 1-0: Ball 2-0: Called Strike 2-1: Called Strike 2-2: Ball 3-2: Strikes out swinging
|
|
Batting: RHB Mennad Maalik
|
0-0: Foul Ball, location: 2F 0-1: Called Strike 0-2: Ball Passed Ball! Ivan Castillo scores Diego Garcia to third 1-2: Ball 2-2: Ball Wild Pitch! Diego Garcia scores 3-2: Foul Ball, location: 2F 3-2: Strikes out looking
|
| Bottom of the 8th over - 3 runs, 0 hits, 0 errors, 0 left on base; Grand Junction 3 - Danville 22 |
| TOP OF THE 9TH |
|
Grand Junction Rockies batting - Pitching for Danville Braves : RHP Jeremy Mash
|
|
Batting: RHB Josh Lofgreen
|
0-0: Foul Ball, location: 2F 0-1: SINGLE (Groundball, 5D, EV 101.2 MPH)
|
|
Batting: RHB Carlos Manriquez
|
0-0: Ball 1-0: Ground out U3 (Groundball, 3L, EV 88.1 MPH) Josh Lofgreen to second
|
|
Batting: RHB Joe Shade
|
0-0: Called Strike 0-1: Ground out 6-3 (Groundball, 6, EV 92.5 MPH) Josh Lofgreen to third
|
|
Batting: RHB Edwin Bejarano
|
0-0: TRIPLE (Flyball, 89XD, EV 112.5 MPH) Josh Lofgreen scores
|
|
Batting: RHB Ivan Castaneda
|
0-0: Foul Ball, location: 2F 0-1: Ball 1-1: Foul Ball, location: 2F 1-2: Ground out 5-3 (Groundball, 5, EV 77.5 MPH)
|
| Top of the 9th over - 1 run, 2 hits, 0 errors, 1 left on base; Grand Junction 4 - Danville 22 |
|